 Dungeon Crawl Stone Soup version 0.27.1-15-g792fb953b9 (webtiles) character file.

Game seed: 16690019829576516571

39 ces the Vexing (level 3, -3/17 HPs)
             Began as a Spriggan Arcane Marksman on Nov 21, 2021.
             Slain by Blork the orc (18 damage)
             ... on level 4 of the Dungeon.
             The game lasted 00:04:41 (2236 turns).

ces the Vexing (Spriggan Arcane Marksman)           Turns: 2236, Time: 00:04:41

Health: -3/17      AC:  2    Str:  6    XL:     3   Next: 26%
Magic:  6/6        EV: 17    Int: 14    God:
Gold:   52         SH:  0    Dex: 16    Spells: 3/4 levels left

rFire    . . .     SeeInvis +   b - +0 dagger
rCold    . . .     Faith    .   (shield restricted)
rNeg     . . .     Spirit   .   d - +0 robe
rPois    .         Reflect  .   (helmet restricted)
rElec    .         Harm     .   (no cloak)
rCorr    .         Rampage  .   (gloves unavailable)
Will     .....                  (boots unavailable)
Stlth    +.........             (no amulet)
HPRegen  0.05/turn              (no ring)
MPRegen  0.10/turn              (no ring)

@: silenced, very quick
A: very small, no large weapons, unfitting armour, see invisible, speed 3
a: no special abilities


You were on level 4 of the Dungeon.
You visited 1 branch of the dungeon, and saw 4 of its levels.

You collected 52 gold pieces.

Inventory:

Hand Weapons
 a - a +0 hand crossbow
 b - a +0 dagger (weapon)
Missiles
 c - 48 bolts
Armour
 d - a +0 robe (worn)
Scrolls
 g - a scroll of immolation {unknown}
 k - a scroll of teleportation {unknown}
Potions
 h - a potion of haste {unknown}
 i - a potion of mutation {unknown}
 j - a potion of invisibility {unknown}
 l - a potion of degeneration {unknown}


   Skills:
 - Level 0.7 Fighting
 + Level 3.2 Crossbows
 - Level 2.6 Dodging
 * Level 2.6 Stealth
 - Level 1.3 Spellcasting
 - Level 3.6 Hexes


You had 3 spell levels left.
You knew the following spells:

 Your Spells              Type           Power      Damage    Failure   Level
a - Corona                Hex            12%        N/A       6%          1

Your spell library contained the following spells:

 Spells                   Type           Power      Damage    Failure   Level
 Slow                     Hex            11%        N/A       9%          2
 Magic Dart               Conj           0%         1d3       26%         1
 Searing Ray              Conj           0%         3d3       36%         2
 Inner Flame              Hex/Fire       6%         N/A       36%         3
 Portal Projectile        Hex/Tloc       12%        N/A       36%         3
 Ignite Poison            Fire/Tmut/Pois 0%         N/A       58%         3
 Mephitic Cloud           Conj/Pois/Air  0%         N/A       58%         3
 Cause Fear               Hex            5%         N/A       50%         4
 Fulminant Prism          Conj/Hex       3%         3d6       77%         4
 Bolt of Magma            Conj/Fire/Erth 0%         4d4       100%        5


Dungeon Overview and Level Annotations

Branches:
Dungeon (4/15)
 Temple: D:4-7

Altars:

Shops:
D:4 :

Annotations:
D:4 Blork the orc, Robin


Innate Abilities, Weirdness & Mutations

You are very small and have problems with some larger weapons.
You are too small for most types of armour.
You have supernaturally acute eyesight. (SInv)
You cover ground extremely quickly. (Speed+++)


Message History

Found a book of Conjurations.
You see here 11 gold pieces.
Found a scroll labelled CYNIKK UCUCK.
Robin throws the goblin at you! The orc hits you with a +0 hand axe.
* * * LOW HITPOINT WARNING * * *
You feel much better. The iguana bites you.
Found Kaiquw's Book Emporium.
There is a stone staircase leading up here.
The orc shouts!
Fire: 51 bolts
Press: ? - help, Q - select action, (/) - cycle Shift-Dir - straight line, f - orc
Aim: an orc, wielding a +0 dagger and wearing a +0 chain mail (71% to hit)
You shoot a bolt.
The bolt hits the orc but does no damage.
The orc hits you with a +0 dagger. The goblin closely misses you.
Fire: 50 bolts
Press: ? - help, Q - select action, (/) - cycle Shift-Dir - straight line, f/p - orc
Aim: an orc, wielding a +0 dagger and wearing a +0 chain mail (71% to hit)
You shoot a bolt.
The bolt hits the orc but does no damage.
The orc hits you with a +0 dagger. The goblin hits you with a +0 dagger.
The orc misses you.
Fire: 49 bolts
Press: ? - help, Q - select action, (/) - cycle Shift-Dir - straight line, f/p - orc
Aim: an orc, wielding a +0 dagger and wearing a +0 chain mail (71% to hit)
You shoot a bolt.
The bolt hits the orc but does no damage.
The goblin completely misses you. The orc barely misses you.
The goblin closely misses you.
As you read the scroll labelled GAGOPECZOP, it crumbles to dust.
A profound silence engulfs you.
It was a scroll of silence.
The orc hits you with a +0 dagger. The goblin barely misses you.
Magic scrolls do not work when you're silenced!
Magic scrolls do not work when you're silenced!
You feel much better. Blork the orc completely misses you.
The orc hits you but does no damage. The goblin hits you with a +0 dagger.
b - a +0 dagger (weapon)
Blork the orc hits you from afar with a +1 halberd of freezing!!
Ouch! That really hurt!
You die...

..og...o......#.# .#.#
#o.#.g.o###.....##.#.#
#..(.##.#!#........#.# ###
#....##o###o.....###.#######.#
........g...l###.#...........#
#+#..#.#..o..# #.#.#.#######.#
....o#.####### #g#l#...### #.#
#....#.....## #o#.......# #.#
#...........# #@#o...o..###.#
###.........# #.go.<..#.....#
#..o.....l..######o###.#.#####
####.o......'.l........#.#
#........######.#.#.#.#
#...........# #...#.#.#####
............# #####.#.....#
?..........## #.#####.#
..........o# #.# #.#


You could see Blork the orc, 2 orcs and 2 goblins.

Vanquished Creatures
  2 dart slugs
  3 ball pythons (D:1)
  4 endoplasms (D:1)
  A giant cockroach (D:2)
  4 hobgoblins
  2 jackals (D:2)
  A quokka (D:1)
  4 bats
  3 frilled lizards
  3 goblins (D:1)
  4 kobolds (D:1)
  2 rats (D:1)
33 creatures vanquished.

Notes
Turn   | Place    | Note
-------+----------+-------------------------------------------
     0 | D:1      | ces the Spriggan Arcane Marksman began the quest for the
                  | Orb.
     0 | D:1      | Reached XP level 1. HP: 9/9 MP: 3/3
    28 | D:1      | Reached skill level 1 in Stealth
    50 | D:1      | Found a faded altar of an unknown god.
   419 | D:1      | Reached XP level 2. HP: 14/14 MP: 5/5
  1099 | D:2      | Reached XP level 3. HP: 17/17 MP: 6/6
  2146 | D:4      | Noticed Robin
  2152 | D:4      | Noticed Blork the orc
  2170 | D:4      | Found Kaiquw's Book Emporium.
  2236 | D:4      | Slain by Blork the orc

Illustrated notes

Levels and vault maps discovered:
D:1:      nzn_arrival_settlement, layout_basic,
          shapermc_ecumenical_altar_totnotflames
D:2:      layout_basic
D:3:      layout_loops_ring, mainiacjoe_overflow_paths
D:4:      layout_basic, nicolae_sif_muna_little_library,
          ebering_ghost_disaster_area, serial_shops, shop,
          chequers_serial_rivers_micro_d, chequers_serial_rivers_micro_c,
          st_stairs_12, kennysheep_another_room, item_on_display_a, uniq_robin,
          uniq_blork_the_orc

Skill      XL: |  1  2 |
---------------+-------+-----
Stealth        | 1 2 |  2.6
Crossbows      | 3 |  3.2
Fighting       | |  0.7
Dodging        | |  2.6
Spellcasting   | |  1.3
Hexes          | |  3.6

Action                   || total
-------------------------++-------
Melee: Dagger            ||    13
 Fire: Hand crossbow     ||    75
  Use: Potion            ||     3
       Scroll            ||     1
 Stab: Sleeping          ||     3
Armor: Robe              ||     3
Dodge: Dodged            ||    34
